 Dungeon Crawl Stone Soup version 0.28.0-53-g5a82cb258f (webtiles) character file.

Game seed: 14936250776564519899

67 Stomo the Skirmisher (level 4, -1/35 HPs)
             Began as a Demonspawn Fighter on July 23, 2022.
             Slain by an adder (2 damage)
             ... on level 3 of the Dungeon.
             The game lasted 00:01:56 (2442 turns).

Stomo the Skirmisher (Demonspawn Fighter)           Turns: 2442, Time: 00:01:56

Health: -1/35      AC: 12    Str: 18    XL:     4   Next: 0%
Magic:  13/13      EV: 10    Int:  9    God:
Gold:   139        SH:  9    Dex: 13    Spells: 3/3 levels left

rFire   . . .      SeeInvis .   a - +0 long sword
rCold   . . .      Faith    .   c - +0 buckler
rNeg    . . .      Spirit   .   b - +0 scale mail
rPois   .          Reflect  +   n - +0 helmet
rElec   .          Harm     .   (no cloak)
rCorr   .          Rampage  .   (no gloves)
Will    .....                   (no boots)
Stlth   +.........              h - amulet of reflection
HPRegen 0.11/turn               f - +4 ring of protection
MPRegen 0.13/turn               j - ring of magical power

@: attractive
A: sturdy frame 2
a: no special abilities


You were on level 3 of the Dungeon.
You visited 1 branch of the dungeon, and saw 3 of its levels.

You collected 139 gold pieces.

Inventory:

Hand Weapons
 a - a +0 long sword (weapon)
Armour
 b - a +0 scale mail (worn)
 c - a +0 buckler (worn)
 n - a +0 helmet (worn)
Jewellery
 f - a +4 ring of protection (left hand)
 h - an amulet of reflection (around neck)
 j - a ring of magical power (right hand)
 l - a ring of see invisible
Scrolls
 e - a scroll of enchant weapon {unknown}
 i - 2 scrolls of identify {unknown}
 k - a scroll of acquirement {unknown}
Potions
 d - a potion of might
 m - a potion of curing {unknown}


   Skills:
 + Level 3.5 Fighting
 + Level 2.4 Long Blades
 + Level 3.2 Armour
 + Level 1.3 Dodging
 - Level 2.6 Shields


You had 3 spell levels left.
You didn't know any spells.
Your spell library was empty.

Dungeon Overview and Level Annotations

Branches:
Dungeon (3/15)

Altars:
Ashenzari


Innate Abilities, Weirdness & Mutations

Your movements are less encumbered by armour. (ER -4)


Message History

The orc wizard is heavily wounded.
The goblin hits you but does no damage. The orc misses you.
The orc hits you but does no damage.
The orc wizard gestures at you while chanting.
You are confused.
The goblin barely misses you. The adder barely misses you.
You hit the orc wizard.
The orc wizard is heavily wounded.
The orc completely misses you. The adder bites you.
You are poisoned.
The adder poisons you! The orc hits you with a +0 falchion.
The orc wizard hits you with a +0 dagger.
The goblin closely misses you. The orc barely misses you.
The adder bites you but does no damage.
You closely miss the goblin.
You feel sick. The orc barely misses you.
The orc wizard hits you but does no damage.
The goblin closely misses you. The adder bites you but does no damage.
The orc closely misses you. x2; The goblin hits you but does no damage.
You feel sick. The orc hits you but does no damage.
You're too confused to move!
You feel sick. The adder bites you but does no damage. The adder bites you.
The orc hits you with a +0 falchion.
You're too confused to move!
You feel less confused.
You feel sick.
You are no longer poisoned.
The adder bites you but does no damage. You block the orc's attack.
The orc hits you but does no damage.
The orc priest looks satisfied for a moment.
The adder bites you but does no damage. The orc hits you but does no damage.
The orc priest mumbles some strange prayers to Beogh against you.
Beogh smites you!
* * * LOW HITPOINT WARNING * * *
The adder closely misses you.
Okay, then.
It was a potion of attraction.
You feel attractive to monsters. The adder bites you.
You die...

#.................# #...
#..........)......# #...
#.................# #...
#.............##### #...
#.............#######...
####...#########...........
..##........o.#
#.........>.
...'........o.+
+...........
####......goS@#
#........... #......o.o.#
#........... #..........#
#........... #..........#
#........... .'..........#
#........... .##..........#
############ #
....#...#....
.....#########


You could see an orc priest, an orc wizard, an adder, 3 orcs and a goblin.

Vanquished Creatures
  A gnoll (D:1)
  An adder (D:3)
  A worm (D:2)
  5 ball pythons
  3 bats
  3 endoplasms
  3 giant cockroaches
  3 goblins
  6 hobgoblins
  A quokka (D:1)
  3 frilled lizards (D:1)
  8 kobolds
  7 rats
45 creatures vanquished.

Vanquished Creatures (others)
  3 plants (D:3)
3 creatures vanquished.

Grand Total: 48 creatures vanquished

Notes
Turn   | Place    | Note
-------+----------+-------------------------------------------
     0 | D:1      | Stomo the Demonspawn Fighter began the quest for the Orb.
     0 | D:1      | Reached XP level 1. HP: 18/18 MP: 1/1
   272 | D:1      | Gained mutation: Your movements are slightly less
                  | encumbered by armour. (ER -2) [demonic ancestry]
   272 | D:1      | Reached XP level 2. HP: 21/24 MP: 2/2
   840 | D:1      | Reached skill level 1 in Dodging
   840 | D:1      | Reached XP level 3. HP: 16/29 MP: 3/3
  1000 | D:1      | Found a faded altar of an unknown god.
  1738 | D:2      | Found a broken altar of Ashenzari.
  2403 | D:3      | Gained mutation: Your movements are less encumbered by
                  | armour. (ER -4) [demonic ancestry]
  2403 | D:3      | Reached XP level 4. HP: 35/35 MP: 4/4
  2440 | D:3      | HP: 1/35 [orc priest/divine providence (14)]
  2442 | D:3      | Slain by an adder

Illustrated notes

Levels and vault maps discovered:
D:1:      erik_arrival_cave_to_civilisation [erik_arrival_cave_to_hall],
          layout_rooms, hellmonk_ecumenical_altar_arch_garden
D:2:      layout_loops_cross, basic_altar, kennysheep_cross_room,
          minmay_pentomino_q4
D:3:      minmay_chambers_of_twos, layout_basic, grunt_temple_overflow_open,
          lemuel_doored_altar, serial_shops, nicolae_shop_stone,
          serial_bayou_lake_a

Skill      XL: |  1  2 |
---------------+-------+-----
Long Blades    | 2 |  2.4
Armour         | 3 |  3.2
Dodging        | 1 |  1.3
Fighting       | |  3.5
Shields        | |  2.6

Action                   |  1- 3 |  4- 6 || total
-------------------------+-------+-------++-------
Melee: Long sword        |   140 |     5 ||   145
  Use: Scroll            |     2 |       ||     2
       Potion            |       |     1 ||     1
Armor: Scale mail        |    49 |    13 ||    62
Dodge: Dodged            |    56 |    14 ||    70
Block: Buckler           |    56 |     4 ||    60
